 Dungeon Crawl Stone Soup version 0.23-a0-839-g6d2b917 (webtiles) character file.

9 tidbits the Magician (level 2, -2/19 HPs)
             Began as a Gnoll Wanderer on Jan 25, 2019.
             Was an Initiate of Cheibriados.
             Slain by a hobgoblin (3 damage)
             ... led by Robin
             ... on level 2 of the Dungeon.
             The game lasted 00:02:21 (145 turns).

tidbits the Magician (Gnoll Wanderer)                Turns: 145, Time: 00:02:22

Health: -2/19      AC:  2    Str: 15    XL:     2   Next: 12%
Magic:  10/10      EV: 11    Int: 14    God:    Cheibriados [......]
Gold:   12         SH:  0    Dex: 16    Spells: 14/15 levels left

rFire    . . .     SeeInvis .   a - +1 dagger
rCold    . . .     Gourm    .   (no shield)
rNeg     . . .     Faith    .   B - +0 robe
rPois    .         Spirit   .   (no helmet)
rElec    .         Reflect  .   (no cloak)
rCorr    .         Harm     .   (no gloves)
MR       .....                  (no boots)
Stlth    ++........             (no amulet)
HPRegen  0.06/turn              (no ring)
MPRegen  0.12/turn              (no ring)

@: very slow
A: distributed training, fangs 1, strong nose
a: Bend Time, Renounce Religion


You were on level 2 of the Dungeon.
You worshipped Cheibriados.
Cheibriados was noncommittal.
You were not hungry.

You visited 1 branch of the dungeon, and saw 2 of its levels.

You collected 12 gold pieces.

Inventory:

Hand Weapons
 a - a +1 dagger (weapon)
Missiles
 e - 24 sling bullets
Armour
 f - a +0 ring mail
 B - a +0 robe (worn)
Scrolls
 d - a scroll of teleportation {unknown}
Comestibles
 c - 2 rations


   Skills:
 + Level 0.2 Fighting
 + Level 0.2 Short Blades
 + Level 0.2 Long Blades
 + Level 0.2 Axes
 + Level 0.2 Maces & Flails
 + Level 0.2 Polearms
 + Level 0.2 Staves
 + Level 0.2 Slings
 + Level 0.2 Bows
 + Level 0.2 Crossbows
 + Level 2.4 Throwing
 + Level 0.2 Armour
 + Level 0.2 Dodging
 + Level 0.2 Stealth
 + Level 2.4 Shields
 + Level 0.2 Unarmed Combat
 + Level 7.1 Spellcasting
 + Level 0.1 Conjurations
 + Level 0.1 Hexes
 + Level 0.1 Charms
 + Level 3.6 Summonings
 + Level 0.1 Necromancy
 + Level 2.0 Translocations
 + Level 0.1 Transmutations
 + Level 0.1 Fire Magic
 + Level 0.1 Ice Magic
 + Level 0.1 Air Magic
 + Level 3.6 Earth Magic
 + Level 0.1 Poison Magic
 + Level 0.3 Invocations
 + Level 0.2 Evocations


You had 14 spell levels left.
You knew the following spells:

 Your Spells              Type           Power        Failure   Level  Hunger
n - Animate Skeleton      Necr           N/A          13%         1    None

Your spell library contained the following spells:

 Spells                   Type           Power        Failure   Level  Hunger
 Blink                    Tloc           N/A          10%         2    #......
 Shroud of Golubria       Chrm/Tloc      #.........   14%         2    #......
 Gell's Gravitas          Tloc           ##........   19%         3    ##.....
 Lesser Beckoning         Tloc           ##........   19%         3    ##.....
 Teleport Other           Tloc           ##......     19%         3    ##.....
 Regeneration             Chrm/Necr      #.........   36%         3    ##.....
 Passage of Golubria      Tloc           N/A          52%         4    ####...


Dungeon Overview and Level Annotations

Branches:
Dungeon (2/15)

Altars:
Cheibriados


Innate Abilities, Weirdness & Mutations

Your experience applies equally to all skills.
You have very sharp teeth.
Your uncanny sense of smell can sniff out nearby items.


Message History

You swing at nothing.
You swing at nothing.
You swing at nothing.
You swing at nothing.
You swing at nothing.
You swing at nothing.
You swing at nothing.
You swing at nothing.
You swing at nothing.
Your transformation is almost over.
You swing at nothing.
You swing at nothing.
You swing at nothing.
You swing at nothing.
You swing at nothing.
You swing at nothing.
You swing at nothing.
You swing at nothing.
You swing at nothing.
You feel less wooden.
Your +0 robe unmelds from your body.
You enter the shallow water.
Moving in this stuff is going to be slow.
You see here a dart slug corpse.
Wield which item (- for none, * to show all)? (? for menu, Esc to quit)
a - a +0 dagger (weapon)
Unknown command.
There is a snail-covered altar of Cheibriados here.
You kneel at the altar of Cheibriados.
Cheibriados welcomes you!
Cheibriados begins to support your attributes as your movement slows.
You can now bend time to slow others.
You enter the shallow water.
Moving in this stuff is going to be slow.
A ball python comes into view.
The ball python hisses angrily.
Unknown command.
There is a snail-covered altar of Cheibriados here.
Unknown command.
Press < or > to pray at altars.
You hit the ball python.
The ball python is severely wounded.
The ball python bites you but does no damage.
The ball python grabs you. The ball python constricts you.
The ball python closely misses you. The ball python constricts you.
You hit the ball python but do no damage.
The ball python is severely wounded.
The ball python bites you. The ball python constricts you.
You hit the ball python.
You kill the ball python!
Cheibriados thoroughly appreciates the change of pace.
You enter the shallow water.
Moving in this stuff is going to be slow.
You see here a ball python corpse.
You see here a scroll labeled JACKUA CAES.
d - a scroll labeled JACKUA CAES You see here 24 sling bullets.
e - 24 sling bullets You see here a ring mail.
f - a ring mail A goblin and a hobgoblin come into view.
The hobgoblin shouts!
You hear a shout! x3
You hear a shout! x2
Unknown command.
Found a ration.
You see here a ration.
c - 2 rations (gained 1)
A hobgoblin comes into view.
A hobgoblin comes into view.
The goblin closely misses you. The hobgoblin hits you.
* * * LOW HITPOINT WARNING * * *
Unknown command.
You aren't carrying any potions.
Unknown command.
As you read the scroll labeled YKKI FUGEM, it crumbles to dust.
It is a scroll of enchant weapon.
Your +0 dagger glows red for a moment.
The hobgoblin barely misses you. The hobgoblin hits you.
* * * LOW HITPOINT WARNING * * *
You hit the hobgoblin.
You bite the hobgoblin, but do no damage.
The hobgoblin is severely wounded.
The hobgoblin hits you.
* * * LOW HITPOINT WARNING * * *
You hit the hobgoblin.
You kill the hobgoblin!
Cheibriados appreciates the change of pace.
You have reached level 2!
You closely miss the goblin. Your bite misses the goblin.
The goblin hits you with a +0 club.
* * * LOW HITPOINT WARNING * * *
You closely miss the goblin. The goblin hits you but does no damage.
You hit the goblin.
The goblin is severely wounded.
You hit the goblin.
You kill the goblin!
Cheibriados appreciates the change of pace.
You barely miss the hobgoblin. The hobgoblin hits you.
You die...

.. ## #####.....##
##...#######.≈≈≈......#
#..#........≈≈≈≈†##...##
###.....####..≈≈.≈≈_# ...
..........##.≈≈≈≈†##...##
#.#.#.##.....≈≈≈........
#....# ##....†####.####.
#.#.#####.....<..#.#
#...g@......##.# # ∆
#.#####.....# # ....
####.## ####. #.# ∆ .#
#.# .# #. .#


You could see a hobgoblin.

Vanquished Creatures
  A dart slug (D:2)
  A leopard gecko (D:2)
  A goblin (D:2)
  A hobgoblin (D:2)
  A ball python (D:2)
  A bat (D:1)
6 creatures vanquished.

Notes
Turn   | Place    | Note
-------+----------+-------------------------------------------
     0 | D:1      | tidbits the Gnoll Wanderer began the quest for the Orb.
     0 | D:1      | tidbits set off with the following items: a +0 robe, a +0
                  | dagger, a ration; and the following spell memorised:
                  | Animate Skeleton; and the following spells available to
                  | memorise: Blink, Shroud of Golubria, Gell's Gravitas,
                  | Lesser Beckoning, Teleport Other, Regeneration, Passage of
                  | Golubria
     0 | D:1      | Reached XP level 1. HP: 13/13 MP: 8/8
    57 | D:2      | Found a snail-covered altar of Cheibriados.
    79 | D:2      | Reached skill level 2 in Translocations
   102 | D:2      | Became a worshipper of Cheibriados the Contemplative
   140 | D:2      | Reached XP level 2. HP: 4/19 MP: 10/10
   141 | D:2      | HP: 1/19 [goblin/+0 club[Robin] (3)]
   145 | D:2      | Slain by a hobgoblin

Vault maps used:
D:1:      shiori_angband_town
D:2:      gammafunk_temple_overflow_forgotten, kennysheep_slug_shrine,
          uniq_robin, uniq_crazy_yiuf_cottage

Skill      XL: |  1 |
---------------+----+-----
Translocations | 2 |  2.0
Fighting       | |  0.2
Short Blades   | |  0.2
Long Blades    | |  0.2
Axes           | |  0.2
Maces & Flails | |  0.2
Polearms       | |  0.2
Staves         | |  0.2
Slings         | |  0.2
Bows           | |  0.2
Crossbows      | |  0.2
Throwing       | |  2.4
Armour         | |  0.2
Dodging        | |  0.2
Stealth        | |  0.2
Shields        | |  2.4
Unarmed Combat | |  0.2
Spellcasting   | |  7.1
Conjurations   | |  0.1
Hexes          | |  0.1
Charms         | |  0.1
Summonings     | |  3.6
Necromancy     | |  0.1
Transmutations | |  0.1
Fire Magic     | |  0.1
Ice Magic      | |  0.1
Air Magic      | |  0.1
Earth Magic    | |  3.6
Poison Magic   | |  0.1
Invocations    | |  0.3
Evocations     | |  0.2

Action                   || total
-------------------------++-------
Melee: Dagger            ||    24
       Bite              ||     3
       Unarmed           ||     1
  Use: Scroll            ||     1
       Potion            ||     1
Armor: Robe              ||     3
Dodge: Dodged            ||    14

Table legend:
 A = Non-vault XP
 B = Vault XP
 C = Vault XP percentage of total XP
 D = Non-vault monster count
 E = Vault monster count
 F = Vault count percentage of total count
                 A         B        C        D         E       F
            +---------+---------+-------+---------+---------+-------
      Total |       5 |       8 |  61.5 |       3 |       3 |  50.0
            +---------+---------+-------+---------+---------+-------
        D:1 |       1 |       0 |   0.0 |       1 |       0 |   0.0
        D:2 |       4 |       8 |  66.7 |       2 |       3 |  60.0
            +---------+---------+-------+---------+---------+-------

Table legend:
 A = Turns spent in this place as a percentage of turns spent in the entire game.
 B = Non-inter-level travel turns spent in this place as a percentage of non-inter-level travel turns spent in the entire game.
 C = Inter-level travel turns spent in this place as a percentage of turns spent in this place.
 D = Turns resting spent in this place as a percentage of non-inter-level travel turns spent in this place.
 E = Turns spent auto-exploring this place as a percentage of non-inter-level travel turns spent in this place.
 F = Non-inter-level travel turns spent in this place divided by the number of levels of this place that you've seen.
                   A       B       C       D       E      F
               +-------+-------+-------+-------+-------+----------------------
         Total | 100.0 | 100.0 |   0.0 |   0.0 |   0.0 |  72.5
       Dungeon | 100.0 | 100.0 |   0.0 |   0.0 |   0.0 |  72.5
               +-------+-------+-------+-------+-------+----------------------

Table legend:
 A = Kills in this place as a percentage of kills in entire the game.
 B = Kills by you in this place as a percentage of kills by you in the entire game.
 C = Kills by friends in this place as a percentage of kills by friends in the entire game.
 D = Other kills in this place as a percentage of other kills in the entire game.
 E = Experience gained in this place as a percentage of experience gained in the entire game.
 F = Experience gained in this place divided by the number of levels of this place that you have seen.
                   A       B       C       D       E      F
               +-------+-------+-------+-------+-------+----------------------
         Total | 100.0 | 100.0 |   N/A |   N/A | 100.0 |   6.5
       Dungeon | 100.0 | 100.0 |   N/A |   N/A | 100.0 |   6.5
               +-------+-------+-------+-------+-------+----------------------

Vault maps used:
D:1:      shiori_angband_town
D:2:      gammafunk_temple_overflow_forgotten, kennysheep_slug_shrine,
          uniq_robin, uniq_crazy_yiuf_cottage
